 Dungeon Crawl Stone Soup version 0.20-a0-870-g4070442 (webtiles) character file.

84 kidcy the Cudgeler (level 4, -1/36 HPs)
             Began as a Demonspawn Monk on Mar 14, 2017.
             Was a Believer of Ashenzari.
             Slain by Sigmund
             ... wielding a +0 scythe
              (9 damage)
             ... on level 2 of the Dungeon.
             The game lasted 00:02:27 (1876 turns).

kidcy the Cudgeler (Demonspawn Monk)                Turns: 1876, Time: 00:02:28

Health: -1/36      AC:  5    Str: 13    XL:     4   Next: 24%
Magic:  4/4        EV: 17    Int: 11    God:    Ashenzari [**....]
Gold:   65         SH:  0    Dex: 20    Spells: 3/3 levels left

rFire    . . .     SeeInvis .   a - +0 mace
rCold    . . .     Gourm    .   d - +0 ring mail
rNeg     . . .     Faith    .   (no shield)
rPois    .         Spirit   .   (no helmet)
rElec    .         Reflect  .   (no cloak)
rCorr    .         Harm     .   (no gloves)
MR       .....                  (no boots)
Stlth    +++.......             (no amulet)
Regen    0.2/turn               (no ring)
MPRegen  0.1/turn               (no ring)

@: agile
A: powered by pain 2
a: Curse Item, Scrying, Renounce Religion


You were on level 2 of the Dungeon.
You worshipped Ashenzari.
Ashenzari was pleased with you.
You were not hungry.

You visited 1 branch of the dungeon, and saw 2 of its levels.

You collected 65 gold pieces.

Inventory:

Hand Weapons
 a - a +0 mace (weapon)
Armour
 d - a +0 ring mail (worn)
Scrolls
 e - a scroll of amnesia {unknown}
 g - 2 scrolls of identify {unknown}
 j - a scroll of remove curse
 l - a scroll of recharging {unknown}
 m - a scroll of enchant weapon {unknown}
Comestibles
 b - a meat ration
 c - a bread ration
 i - a royal jelly
 k - 2 chunks of flesh


   Skills:
 + Level 3.6 Fighting
 * Level 3.9 Maces & Flails
 + Level 1.3 Armour
 - Level 2.6 Dodging
 - Level 1.7 Stealth


You had 3 spell levels left.
You didn't know any spells.

Dungeon Overview and Level Annotations

Branches:
Dungeon (2/15)

Altars:
Ashenzari

Annotations:
D:2 Sigmund


Innate Abilities, Weirdness & Mutations

You sometimes gain power by taking damage.


Message History

Sigmund gestures wildly while chanting.
Sigmund flickers and vanishes!
Deactivating autopickup; reactivate with Ctrl-A.
You hit something. Something hits you.
You closely miss something. You closely miss something.
You hear some strange, mumbled words.
A magic dart appears from out of thin air!
The magic dart hits you! Something hits you!
* * * LOW HITPOINT WARNING * * *
You hit something but do no damage.
It was a potion of curing.
You feel better.
You hear some strange, mumbled words.
Something tries to affect you, but you resist.
You miss something. Something hits you!
* * * LOW HITPOINT WARNING * * *
You focus on the pain.
You feel agile all of a sudden.
You barely miss something. Something hits you!
You die...

, #.##...##..#.. *
* #...*#..#..
*######..#†# *
#...#.. , * *
#h#h..# , * *
**###* #..h..# ###
#.# ###...# *
#.###'########....
, *
#@##..............
*#{##..............
,
##.'l.............
* #.#..............
* *
#.#............>. *
, #.#..............
* #.#..............
,*
#....##.......... *
, #.#####..........


There were no monsters in sight!

Vanquished Creatures
  2 adders
  3 dart slugs (D:1)
  2 leopard geckos (D:2)
  5 hobgoblins (D:1)
  17 jackals
  A quokka (D:2)
  A ball python (D:1)
  6 bats
  3 frilled lizards (D:2)
  5 goblins
  4 kobolds
  3 rats (D:1)
52 creatures vanquished.

Notes
Turn   | Place    | Note
-------+----------+-------------------------------------------
     0 | D:1      | kidcy the Demonspawn Monk began the quest for the Orb.
     0 | D:1      | Reached XP level 1. HP: 18/18 MP: 1/1
     6 | D:1      | Noticed a swamp worm
     6 | D:1      | Noticed a polar bear
   329 | D:1      | Gained mutation: You sometimes gain a little power by taking damage. [demonic ancestry]
   329 | D:1      | Reached XP level 2. HP: 22/24 MP: 2/2
   663 | D:1      | Reached skill level 1 in Armour
   663 | D:1      | Reached XP level 3. HP: 24/29 MP: 3/3
  1383 | D:2      | Found a shattered altar of Ashenzari.
  1417 | D:2      | Became a worshipper of Ashenzari the Shackled
  1417 | D:2      | Reached * piety under Ashenzari
  1417 | D:2      | Reached ** piety under Ashenzari
  1574 | D:2      | Gained mutation: You sometimes gain power by taking damage. [demonic ancestry]
  1574 | D:2      | Reached XP level 4. HP: 35/35 MP: 4/4
  1818 | D:2      | Noticed Sigmund
  1876 | D:2      | Slain by Sigmund

Vault maps used:
D:1:      onia_arrival_zoo_common, hangedman_decor_diamond_cutter
D:2:      nicolae_ashenzari_panopticon, gammafunk_temple_overflow_elements,
          roderic_roman_lattice, uniq_crazy_yiuf_cottage, uniq_sigmund

Skill      XL: |  1  2 |
---------------+-------+-----
Maces & Flails | 3 |  3.9
Armour         | 1 |  1.3
Fighting       | |  3.6
Dodging        | |  2.6
Stealth        | |  1.7

Action                   |  1- 3 |  4- 6 || total
-------------------------+-------+-------++-------
Melee: Mace              |   131 |    66 ||   197
  Use: Potion            |       |     2 ||     2
 Stab: Sleeping          |     2 |       ||     2
  Eat: Chunk             |     2 |       ||     2
       Bread ration      |       |     1 ||     1
Armor: Robe              |     7 |       ||     7
       Ring mail         |    52 |    33 ||    85
Dodge: Dodged            |    99 |    67 ||   166
